 Dungeon Crawl Stone Soup version 0.16-a0-4108-g6e49b0d (webtiles) character file.

1071 Chiseanne the Skirmisher (level 8, 0/65 HPs)
             Began as a Mummy Monk on Feb 26, 2015.
             Slain by a wight
             ... wielding a cursed +3 halberd
              (7 damage)
             ... on level 6 of the Dungeon.
             The game lasted 00:18:54 (5204 turns).

Chiseanne the Skirmisher (Mummy Monk)               Turns: 5204, Time: 00:18:54

Health: 0/65       AC: 11    Str: 15    XL:     8   Next: 7%
Magic:  11/11      EV: 13    Int:  7    God:
Gold:   73         SH:  0    Dex: 19    Spells: 0 memorised, 7 levels left

rFire  x . .     SeeInvis .     s - +2 war axe
rCold  + . .     Clarity  .     i - +5 ring mail "Weoniod" {rN++ Int-2 Dex+4 Stlth+}
rNeg   + + +     SustAb   .     (no shield)
rPois  ∞         Gourm    .     (no helmet)
rElec  .         Spirit   .     (no cloak)
rCorr  .         Warding  .     (no gloves)
rMut   .         Stasis   .     (no boots)
MR     ++...                    (no amulet)
Stlth  ++........               (no ring)
                                g - ring of protection from magic

@: very resistant to hostile enchantments, unstealthy
A: no food or potions, fire vulnerability, restore body, cold resistance 1,
negative energy resistance 3, poison resistance, torment resistance, unbreathing
a: no special abilities


You were on level 6 of the Dungeon.
You were not hungry.

You visited 1 branch of the dungeon, and saw 6 of its levels.

You collected 280 gold pieces.
You spent 207 gold pieces at shops.

Inventory:

Hand weapons
 a - a +3 short sword of speed
 s - a +2 war axe (weapon)
 w - a +0 blowgun
Missiles
 b - 22 bolts
 c - 10 sling bullets
 d - 182 stones (quivered)
 e - 10 bolts of flame
 f - 97 arrows
 k - 23 poisoned needles
 m - 9 arrows of flame
Armour
 i - the +5 ring mail "Weoniod" (worn) {rN++ Int-2 Dex+4 Stlth+}
   (You found it on level 5 of the Dungeon)

   It affects your intelligence (-2).
   It affects your dexterity (+4).
   It greatly protects you from negative energy.
   It makes you more stealthy.
 o - the +1 scale mail of Satisfaction {Str+4 Int+4 Stlth-}
   (You bought it in a shop on level 5 of the Dungeon)

   It affects your strength (+4).
   It affects your intelligence (+4).
   It makes you less stealthy.
Magical staves
 j - an uncursed staff of conjuration
Jewellery
 g - a ring of protection from magic (left hand)
Magical devices
 h - a wand of confusion (32)
Scrolls
 l - 3 scrolls of remove curse
 n - 3 scrolls of identify
 p - a scroll of recharging
 q - a scroll of immolation


   Skills:
 * Level 6.4 Fighting
 * Level 4.5 Armour
 * Level 4.0 Dodging
 - Level 1.5 Stealth
 - Level 3.2 Unarmed Combat
 * Level 2.4 Evocations


You had 7 spell levels left.
You didn't know any spells.

Dungeon Overview and Level Annotations

Branches:
Dungeon (6/15)
 Temple: D:4-7

Altars:
Dithmenos
Elyvilon
Kikubaaqudgha
Ru
Vehumet
Zin

Shops:
D:4 (   D:5 [


Innate Abilities, Weirdness & Mutations

You do not eat or drink.
Your flesh is vulnerable to fire.
Your flesh is cold resistant.
You are immune to negative energy.
Your system is resistant to poisons.
You are immune to unholy pain and torment.
You can survive without breathing.


Message History

The wight is heavily damaged.
You catch the helpless worker ant completely off-guard!
You hit the worker ant but do no damage.
The worker ant is almost dead.
The wight closely misses you. The wight hits you but does no damage.
Evoke which item? (* to show all) (? for menu, Esc to quit)
Zapping:
h - a wand of confusion {zapped: 10} (will waste charges)
Press: ? - help, Shift-Dir - straight line, f/p - worker ant
Aim: a worker ant (almost dead, bewildered and confused, chance 60%)
The worker ant appears confused.
Evoking this partially-identified wand wasted a few charges.
The wight misses you.
Evoke which item? (* to show all) (? for menu, Esc to quit)
Zapping:
h - a wand of confusion {zapped: 13} (will waste charges)
Press: ? - help, Shift-Dir - straight line, f - wight, p - worker ant
Aim: a wight, wielding a falchion and wearing a robe (heavily damaged, chance 50%)
The wight resists with significant effort.
Evoking this partially-identified wand wasted a few charges.
The wight hits you from afar with an enchanted halberd!
You die...

.#.#.#.#.#.#..# #.#.##.#
# ..............#
#.#.##.# ...⌠.....⌠....#
#.#.##.#
......_.......###.#.##.#
...⌠.....⌠.......#.....#
.............# #.#.####
.#.#.#.#.#.#. #a#...
.............####.#####
.....†.## #.z@.#
####.#.# ####z########
...#.# #............
#####.# #........####
#.# #.........# #.#
#..........< # #.#
#..<......## .# #.#
#........## .# #.#
#........#


You could see a worker ant (confused) and 2 wights.

Vanquished Creatures
  A sky beast (D:6)
  An ogre (D:5)
  A centaur (D:5)
  A giant frog (D:6)
  3 wights (D:6)
  A crimson imp (D:5)
  3 orc priests
  A hound (D:4)
  3 orc wizards
  A giant frog skeleton (D:5)
  A worker ant (D:4)
  3 iguanas
  8 adders
  A giant mite (D:3)
  2 shadow imps
  4 worms
  An adder zombie (D:6)
  2 adder skeletons (D:4)
  2 giant geckos
  2 oozes
  17 orcs
  3 ball pythons
  3 giant cockroaches
  12 goblins
  7 hobgoblins
  11 jackals
  14 kobolds
  3 quokkas
  20 bats
  6 giant newts
  11 rats
  3 toadstools (D:1)
152 creatures vanquished.

Vanquished Creatures (others)
  A toadstool (D:1)
1 creature vanquished.

Grand Total: 153 creatures vanquished

Notes
Turn   | Place    | Note
--------------------------------------------------------------
     0 | D:1      | Chiseanne, the Mummy Monk, began the quest for the Orb.
     0 | D:1      | Reached XP level 1. HP: 18/18 MP: 1/1
   209 | D:1      | Reached XP level 2. HP: 17/24 MP: 2/2
   592 | D:1      | Reached XP level 3. HP: 18/29 MP: 3/3
  1094 | D:2      | Reached skill level 4 in Fighting
  1157 | D:2      | Reached XP level 4. HP: 35/37 MP: 4/4
  2267 | D:3      | Reached XP level 5. HP: 43/43 MP: 5/5
  2456 | D:3      | Reached skill level 1 in Armour
  2603 | D:3      | Reached skill level 1 in Evocations
  2714 | D:3      | Found an ancient bone altar of Kikubaaqudgha.
  2714 | D:3      | Found a glowing silver altar of Zin.
  2985 | D:4      | Reached skill level 5 in Fighting
  2986 | D:4      | Found Nulozoff's Weapon Emporium.
  3280 | D:4      | Reached XP level 6. HP: 46/51 MP: 7/7
  3567 | D:4      | Found a sacrificial altar of Ru.
  3829 | D:5      | Entered Level 5 of the Dungeon
  3842 | D:5      | Found a shadowy altar of Dithmenos.
  4071 | D:5      | Found Isku Mym's Antique Armour Emporium.
  4076 | D:5      | Bought a polished scale mail for 207 gold pieces
  4129 | D:5      | Identified the +1 scale mail of Satisfaction {Str+4 Int+4 Stlth-} (You bought it in a shop on level 5 of the Dungeon)
  4196 | D:5      | Reached XP level 7. HP: 46/56 MP: 9/9
  4273 | D:5      | Got a heavily runed ring mail
  4307 | D:5      | Identified the +5 ring mail "Weoniod" {rN++ Int-2 Dex+4 Stlth+} (You found it on level 5 of the Dungeon)
  4721 | D:6      | Found a white marble altar of Elyvilon.
  4799 | D:6      | Reached skill level 6 in Fighting
  4846 | D:6      | Found a radiant altar of Vehumet.
  5186 | D:6      | Reached XP level 8. HP: 39/65 MP: 11/11
  5204 | D:6      | Slain by a wight

Action                   |  1- 3 |  4- 6 |  7- 9 || total
-------------------------+-------+-------+-------++-------
Melee: Unarmed           |    16 |       |       ||    16
       Short sword       |   167 |   377 |   125 ||   669
       War axe           |       |       |    30 ||    30
 Fire: Blowgun           |       |       |     4 ||     4
Evoke: Wand              |       |     1 |     5 ||     6
  Use: Scroll            |     4 |     6 |     2 ||    12
 Stab: Sleeping          |     1 |       |     3 ||     4
       Confused          |       |       |     1 ||     1
